 Dungeon Sprint DCSS version 0.22-a0-135-g6f012ad (webtiles) character file.

38367 Faca the Executioner (level 13, -3/145 HPs)
             Began as a Minotaur Berserker on Jan 31, 2018.
             Was the Champion of Trog.
             Succumbed to something's poison gas
             ... in the Dungeon (Sprint V: "Ziggurat Sprint").
             The game lasted 00:19:05 (2109 turns).

Faca the Executioner (Minotaur Berserker)           Turns: 2109, Time: 00:19:06

Health: -3/145     AC: 28    Str: 28    XL:     13   Next: 63%
Magic:  0/4        EV: 26    Int:  7    God:    Trog [******]
Gold:   0          SH:  0    Dex: 27    Spells: 12/12 levels left

rFire    . . .     SeeInvis .   k - +3 executioner's axe (antimagic)
rCold    . . .     Gourm    .   (shield currently unavailable)
rNeg     + . .     Faith    .   G - +4 plate armour {MR+}
rPois    .         Spirit   +   (helmet restricted)
rElec    .         Reflect  .   P - +0 cloak of Past Mistakes {Dex+4}
rCorr    .         Harm     .   b - +0 pair of gloves {Dex+3}
MR       +....     NoTele   +   g - +0 pair of boots of the Eleven Tales {Int+3} (curse)
Stlth    ..........             E - amulet of guardian spirit
HPRegen  0.34/turn              l - ring "Iqetyuk" {rN+ Dex+5}
MPRegen  0.09/turn              C - ring of Music {Str+6 Stlth+}

@: lethally poisoned (-3 -> -37), slowed, very slow
A: retaliatory headbutt, horns 2
a: Berserk, Trog's Hand, Brothers in Arms, Burn Spellbooks, Renounce Religion


You were in the Dungeon.
You worshipped Trog.
Trog was exalted by your worship.
You were not hungry.

You visited 1 branch

Inventory:

Hand Weapons
 k - a +3 antimagic executioner's axe (weapon)
 o - a +5 demon whip
 D - the +8 mithril axe "Arga" {speed, MR+}
   (You found it in the Dungeon)

   Attacks with this weapon are significantly faster.
   It affects your resistance to hostile enchantments.
 H - the +1 battleaxe "Guywoexi" {holy, +Rage +Inv rC+ Dex+3}
   (Trog gifted it to you in the Dungeon)

   It has been blessed by the Shining One to cause great damage to the undead
   and demons.
   It affects your dexterity (+3).
   It protects you from cold.
   It lets you turn invisible.
   It lets you go berserk.
 J - the +10 dark maul {crush}
   (You found it in the Dungeon)

   It inflicts extra damage upon your enemies.
 N - a +1 vampiric executioner's axe
Missiles
 L - 13 javelins of returning (quivered)
Armour
 b - a +0 pair of gloves of dexterity (worn)
 g - the cursed +0 pair of boots of the Eleven Tales (worn) {Int+3}
   (You found it in the Dungeon)

   It affects your intelligence (+3).
   It has a curse placed upon it.
 j - +5 gold dragon scales
 G - a +4 plate armour of magic resistance (worn)
 K - the +15 Maxwell's patent armour {-Cast -Tele rElec MR+ rCorr}
   (You found it in the Dungeon)

   It insulates you from electricity.
   It affects your resistance to hostile enchantments.
   It prevents spellcasting.
   It prevents most forms of teleportation.
   It protects you from acid and corrosion.
 P - the +0 cloak of Past Mistakes (worn) {Dex+4}
   (You found it in the Dungeon)

   It affects your dexterity (+4).
Jewellery
 a - an uncursed ring of see invisible
 l - the ring "Iqetyuk" (left hand) {rN+ Dex+5}
   (You found it in the Dungeon)

   [ring of positive energy]

   It affects your dexterity (+5).
   It protects you from negative energy.
 m - the ring "Leopep" {rElec rF+ Str-5 Int+3 Dex+3}
   (You found it in the Dungeon)

   [ring of protection from fire]

   It affects your strength (-5).
   It affects your intelligence (+3).
   It affects your dexterity (+3).
   It protects you from fire.
   It insulates you from electricity.
 n - an uncursed ring of protection from cold
 C - the ring of Music (right hand) {Str+6 Stlth+}
   (You found it in the Dungeon)

   [ring of stealth]

   It affects your strength (+6).
   It makes you more stealthy.
 E - an amulet of guardian spirit (around neck)
 F - a +6 ring of intelligence
 Q - an uncursed ring of protection from magic
Wands
 x - a wand of disintegration (7)
 y - a wand of iceblast (7)
 B - a wand of acid (7)
Scrolls
 i - 4 scrolls of blinking
 p - 7 scrolls of fog
 q - a scroll of holy word
 r - 2 scrolls of identify
 s - 5 scrolls of remove curse
 t - 2 scrolls of fear
 M - 2 scrolls of brand weapon
Potions
 d - 10 potions of curing
 e - 7 potions of heal wounds
 f - 6 potions of haste
 h - 3 potions of berserk rage
 u - 2 potions of brilliance
 v - 2 potions of invisibility
 w - 4 potions of resistance
 z - 5 potions of agility
 A - 6 potions of might
Comestibles
 c - 5 rations


   Skills:
 + Level 22.2 Fighting
 + Level 23.2 Axes
 + Level 18.7 Armour
 + Level 19.6 Dodging


You had 12 spell levels left.
You didn't know any spells.

Dungeon Overview and Level Annotations

Branches:
Dungeon (1/1)

Altars:
Ashenzari
Cheibriados
Dithmenos
Elyvilon
Fedhas
Gozag
Hepliaklqana
Kikubaaqudgha
Makhleb
Nemelex Xobeh
Okawaru
Qazlal
Ru
Sif Muna
Trog
Uskayaw
Vehumet
Wu Jian
Xom
Yredelemnul
Zin
The Shining One
Beogh
Jiyva
Lugonu


Innate Abilities, Weirdness & Mutations

You reflexively headbutt those who attack you in melee.
You have a pair of horns on your head.


Message History

The death cob misses you. You furiously retaliate!
You headbutt the death cob! You slash the death cob!
You headbutt the death cob.
The death cob is severely damaged.
You slash the green draconian!
You are engulfed in poison gas.
You are lethally poisoned!
* * * LOW HITPOINT WARNING * * *
x2 You feel very sick.
The death cob completely misses you. x2
The green draconian hits you but does no damage.
The green draconian closely misses you.
The purple draconian is engulfed in poison gas.
The purple draconian is poisoned.
The death cob completely misses you. You furiously retaliate!
You headbutt the death cob!!
You destroy the death cob!
Trog accepts your kill.
A yellow draconian comes into view. It is wielding a +1 rapier of speed.
You are engulfed in poison gas.
You are more poisoned.
* * * LOW HITPOINT WARNING * * *
You die...

▓...). ▓..X=)=)::)
▓..)|) ▓..........
▓..... ▓..........
▓.....
▓...d.........▓...).
▓.....d.......▓.....
▓.d.dX........▓.)▓).
▓§X▓d......▓..▓.▓)▓.
▓d▓@▓.....▓.▓ ▓))▓))
▓§§▓.......▓..▓...).
▓§§d..........▓▓▓▓▓▓
▓§§.§..©......▓....8
▓▓▓▓▓▓▓▓▓▓▓▓▓▓▓..}}.
▓....) ▓..... ▓.....
▓.....


You could see a yellow draconian (wandering), 3 draconians, a red draconian and
2 Orb Guardians.

Vanquished Creatures
  A lich (D)
  An Orb Guardian (D)
  A death cob (D)
  3 deep elf sorcerers (D)
  A ghoul (D)
  A green draconian (D)
  4 yellow draconians (D)
  2 black draconians (D)
  A white draconian (D)
  2 purple draconians (D)
  A red draconian (D)
  A dancing weapon (D)
  A vampire mage (D)
  A deep elf knight (D)
  3 necromancers (D)
  4 deep elf magi (D)
  A shining eye (D)
  A manticore (shapeshifter) (D)
  3 toenail golems (D)
  3 moths of wrath (D)
  2 merfolk sirens (D)
  A black mamba (D)
  A naga mage (D)
  3 yaktaurs (D)
  5 hornets (D)
  5 slime creatures (D)
  A shadow (D)
  2 water elementals (D)
  2 tarantellas (D)
  7 spriggans (D)
  A vampire (D)
  A fire elemental (D)
  A golden eye (D)
  2 nagas (D)
  A water moccasin (D)
  A black bear (D)
  A phantom (D)
  3 necrophages (D)
  A centaur (D)
  3 earth elementals (D)
  4 scorpions (D)
  3 wights (D)
  3 jellies (D)
  2 orc priests (D)
  2 orc wizards (D)
  2 adders (D)
  An ooze (D)
  An adder zombie (D)
  3 adder skeletons (D)
  4 orcs (D)
  A bat zombie (D)
  2 ball pythons (D)
  A leopard gecko zombie (D)
  2 quokka zombies (D)
111 creatures vanquished.

Vanquished Creatures (collateral kills)
  A merfolk javelineer (D)
  3 merfolk aquamancers (D)
  A sea snake (D)
  A cyclops (D)
  2 water nymphs (D)
  A merfolk (D)
  A snapping turtle (D)
10 creatures vanquished.

Vanquished Creatures (others)
  A spatial maelstrom (D)
  A deep elf mage (D)
2 creatures vanquished.

Grand Total: 123 creatures vanquished

Notes
Turn   | Place    | Note
-------+----------+-------------------------------------------
     0 | D        | Found the +6 Majin-Bo {vamp, Archmagi MP+6 Int+6}
     0 | D        | Found the +7 great mace "Firestarter" {inner flame, rF++}
     0 | D        | Faca the Minotaur Berserker began the quest for the Orb.
     0 | D        | Reached XP level 1. HP: 19/19 MP: 0/0
     3 | D        | Found a blossoming altar of Fedhas.
     4 | D        | Found a viscous altar of Jiyva.
     4 | D        | Found a hazy altar of Hepliaklqana.
     4 | D        | Found a transporter.
     4 | D        | Found an opulent altar of Gozag.
     4 | D        | Found an ancient bone altar of Kikubaaqudgha.
     4 | D        | Found a corrupted altar of Lugonu.
    13 | D        | Banished a spatial maelstrom
    15 | D        | Found a burning altar of Makhleb.
    16 | D        | Found a sacrificial altar of Ru.
    16 | D        | Found a stormy altar of Qazlal.
    16 | D        | Found a deep blue altar of Sif Muna.
    16 | D        | Found an iron altar of Okawaru.
    16 | D        | Found a bloodstained altar of Trog.
    16 | D        | Found a sparkling altar of Nemelex Xobeh.
    23 | D        | Reached skill level 9 in Axes
    23 | D        | Reached XP level 2. HP: 26/26 MP: 1/1
    34 | D        | Found the +9 heavy crossbow "Sniper" {velocity, Acc+∞ SInv}
    34 | D        | Found the +10 dark maul {crush}
    34 | D        | Found the +15 Maxwell's patent armour {-Cast -Tele rElec MR+ rCorr}
    34 | D        | Found the +18 shield of the Gong {rElec rN+ MR+ EV-5}
    34 | D        | Found the cursed +14 obsidian axe {chop, +Fly SInv *Curse}
    35 | D        | Found the +6 shillelagh "Devastator" {shatter}
    35 | D        | Found the +11 plutonium sword {*Contam Stlth-}
    35 | D        | Found the +8 lance "Wyrmbane" {slay drac, rPois rF+ rC+ AC+3}
    35 | D        | Found the +9 sword of Zonguldrok {reap}
    35 | D        | Found the cursed +13 scythe of Curses {drain, *Curse}
    35 | D        | Found the +0 sword of Power
    35 | D        | Found the +6 mace of Variability {chaos}
    35 | D        | Found the +7 Singing Sword
    35 | D        | Found the +7 longbow "Piercer" {penet, EV-2}
    68 | D        | Entered arena 2.
    68 | D        | Noticed a tarantella
    68 | D        | Noticed a scorpion
    68 | D        | Found a transporter.
    72 | D        | Killed a tarantella
    72 | D        | Reached skill level 11 in Axes
    72 | D        | Reached XP level 3. HP: 41/41 MP: 2/2
    72 | D        | Reached XP level 4. HP: 49/49 MP: 3/3
    72 | D        | Reached XP level 5. HP: 55/55 MP: 4/4
    72 | D        | Reached skill level 12 in Axes
    79 | D        | Got the cursed +0 pair of boots of the Eleven Tales {Int+3}
   108 | D        | Entered arena 3.
   108 | D        | Found a transporter.
   113 | D        | Reached ** piety under Trog
   116 | D        | Reached *** piety under Trog
   127 | D        | Received a gift from Trog
   130 | D        | Entered arena 4.
   130 | D        | Noticed a tarantella
   130 | D        | Found a transporter.
   133 | D        | Reached skill level 10 in Fighting
   133 | D        | Reached skill level 13 in Axes
   133 | D        | Reached XP level 6. HP: 67/67 MP: 5/5
   136 | D        | Reached **** piety under Trog
   137 | D        | Killed a tarantella
   137 | D        | Reached skill level 14 in Axes
   140 | D        | Reached XP level 7. HP: 75/75 MP: 6/6
   178 | D        | Entered arena 5.
   178 | D        | Noticed a yaktaur
   178 | D        | Noticed a yaktaur
   178 | D        | Noticed a yaktaur
   178 | D        | Found a transporter.
   179 | D        | Found the +10 zealot's sword {holy, *Rage rN+ EV+3}
   180 | D        | Identified the +6 dire flail "Kotyuh" {freeze, rElec rPois}
   185 | D        | Killed a yaktaur
   185 | D        | Reached skill level 15 in Axes
   187 | D        | Killed a yaktaur
   187 | D        | Reached ***** piety under Trog
   187 | D        | Reached XP level 8. HP: 57/88 MP: 7/7
   188 | D        | Killed a yaktaur
   188 | D        | Reached skill level 16 in Axes
   387 | D        | Entered arena 6.
   387 | D        | Found a transporter.
   394 | D        | Received a gift from Trog
   407 | D        | Identified Zyxexuwu's Grimoire of Enthralling Earth
   439 | D        | Entered arena 7.
   439 | D        | Noticed a toenail golem
   439 | D        | Noticed a toenail golem
   439 | D        | Noticed a toenail golem
   440 | D        | Found a transporter.
   449 | D        | Killed a toenail golem
   449 | D        | Reached skill level 5 in Dodging
   454 | D        | Killed a toenail golem
   454 | D        | Reached skill level 15 in Fighting
   454 | D        | Reached skill level 17 in Axes
   454 | D        | Reached skill level 5 in Armour
   454 | D        | Reached XP level 9. HP: 92/97 MP: 8/8
   456 | D        | Killed a toenail golem
   457 | D        | Received a gift from Trog
   681 | D        | Entered arena 8.
   682 | D        | Found the +9 staff of Olgreb {rPois}
   682 | D        | Found a transporter.
   705 | D        | Got the +0 cloak of Past Mistakes {Dex+4}
   716 | D        | Entered arena 9.
   717 | D        | Found a transporter.
   720 | D        | Reached ****** piety under Trog
   724 | D        | Received a gift from Trog
   735 | D        | Entered arena 10.
   735 | D        | Noticed a spriggan rider
   735 | D        | Noticed a spriggan rider
   735 | D        | Noticed a spriggan rider
   735 | D        | Noticed a spriggan rider
   735 | D        | Noticed a spriggan rider
   736 | D        | Found a transporter.
   738 | D        | Received a gift from Trog
   738 | D        | Reached skill level 10 in Dodging
   741 | D        | Killed a spriggan rider
   741 | D        | Reached skill level 18 in Axes
   741 | D        | Reached XP level 10. HP: 108/108 MP: 9/9
   743 | D        | Killed a spriggan rider
   743 | D        | Reached skill level 10 in Armour
   748 | D        | Killed a spriggan rider
   748 | D        | Received a gift from Trog
   781 | D        | Entered arena 11.
   781 | D        | Noticed a black mamba
   781 | D        | Noticed a naga mage
   782 | D        | Found a transporter.
   787 | D        | Received a gift from Trog
   787 | D        | Killed a black mamba
   792 | D        | Killed a naga mage
   792 | D        | Reached skill level 19 in Axes
   806 | D        | Got the ring "Iqetyuk" {rN+ Dex+5}
   808 | D        | Got the ring "Leopep" {rElec rF+ Str-5 Int+3 Dex+3}
   822 | D        | Entered arena 12.
   822 | D        | Noticed a vampire mage
   822 | D        | Noticed a ghoul
   822 | D        | Noticed a necromancer
   823 | D        | Noticed a necromancer
   823 | D        | Noticed a necromancer
   823 | D        | Noticed a lich
   826 | D        | Found a transporter.
   832 | D        | Killed a necromancer
   832 | D        | Received a gift from Trog
   832 | D        | Reached XP level 11. HP: 109/118 MP: 3/10
   836 | D        | Killed a vampire mage
   836 | D        | Reached skill level 15 in Dodging
   837 | D        | Killed a lich
   837 | D        | Received a gift from Trog
   839 | D        | Killed a necromancer
   839 | D        | Received a gift from Trog
   840 | D        | Killed a necromancer
   841 | D        | Reached skill level 20 in Axes
   845 | D        | Killed a ghoul
   847 | D        | Got the ring of Kyliash {Fire rPois}
   868 | D        | Received a gift from Trog
   975 | D        | Entered arena 13.
   975 | D        | Noticed a shining eye
   977 | D        | Found the +8 mithril axe "Arga" {speed, MR+}
   977 | D        | Found a transporter.
   983 | D        | Killed a shining eye
   986 | D        | Received a gift from Trog
  1021 | D        | Received a gift from Trog
  1022 | D        | Got a pitted war axe {god gift}
  1024 | D        | Identified the +2 war axe "Pimn" {drain, MR+ Int+4} (Trog gifted it to you in the Dungeon)
  1028 | D        | Got the ring of Music {Str+6 Stlth+}
  1106 | D        | Entered arena 14.
  1107 | D        | Noticed a merfolk aquamancer
  1107 | D        | Noticed a sea snake
  1107 | D        | Noticed a merfolk aquamancer
  1107 | D        | Noticed a merfolk javelineer
  1109 | D        | Noticed a merfolk aquamancer
  1110 | D        | Found a transporter.
  1113 | D        | Killed a sea snake
  1116 | D        | Received a gift from Trog
  1120 | D        | Killed a merfolk aquamancer
  1120 | D        | Received a gift from Trog
  1120 | D        | Reached XP level 12. HP: 25/130 MP: 11/11
  1120 | D        | Killed a merfolk aquamancer
  1122 | D        | Killed a merfolk javelineer
  1124 | D        | Killed a merfolk aquamancer
  1124 | D        | Received a gift from Trog
  1125 | D        | Reached skill level 15 in Armour
  1129 | D        | Received a gift from Trog
  1397 | D        | Received a gift from Trog
  1485 | D        | Entered arena 15.
  1486 | D        | Noticed a yellow draconian
  1486 | D        | Noticed a purple draconian
  1486 | D        | Noticed a white draconian
  1486 | D        | Noticed a black draconian
  1486 | D        | Noticed a green draconian
  1487 | D        | Noticed a yellow draconian
  1487 | D        | Noticed a red draconian
  1487 | D        | Noticed a yellow draconian
  1489 | D        | Noticed a black draconian
  1489 | D        | Noticed a purple draconian
  1490 | D        | Noticed a yellow draconian
  1493 | D        | Reached skill level 21 in Axes
  1500 | D        | Killed a yellow draconian
  1502 | D        | Killed a red draconian
  1508 | D        | Killed a purple draconian
  1508 | D        | Killed a white draconian
  1509 | D        | Found a transporter.
  1511 | D        | Received a gift from Trog
  1511 | D        | Killed a yellow draconian
  1513 | D        | Killed a black draconian
  1514 | D        | Killed a purple draconian
  1516 | D        | Killed a yellow draconian
  1518 | D        | Killed a black draconian
  1518 | D        | Reached skill level 22 in Axes
  1519 | D        | Killed a yellow draconian
  1519 | D        | Received a gift from Trog
  1519 | D        | Reached XP level 13. HP: 59/143 MP: 4/12
  1522 | D        | Killed a green draconian
  1531 | D        | Got a dazzling battleaxe {god gift}
  1826 | D        | Identified the +1 battleaxe "Guywoexi" {holy, +Rage +Inv rC+ Dex+3} (Trog gifted it to you in the Dungeon)
  1827 | D        | Entered arena 16.
  1830 | D        | Noticed a deep elf sorcerer
  1833 | D        | Noticed a deep elf sorcerer
  1833 | D        | Noticed a deep elf sorcerer
  1842 | D        | Killed a deep elf sorcerer
  1845 | D        | Killed a deep elf sorcerer
  1845 | D        | Received a gift from Trog
  1854 | D        | Received a gift from Trog
  1855 | D        | Killed a deep elf sorcerer
  1865 | D        | Received a gift from Trog
  1866 | D        | Found a transporter.
  1869 | D        | Received a gift from Trog
  2087 | D        | Entered arena 17.
  2095 | D        | Noticed a purple draconian
  2095 | D        | Noticed a green draconian
  2095 | D        | Noticed an Orb Guardian
  2095 | D        | Noticed a red draconian
  2096 | D        | Noticed an Orb Guardian
  2096 | D        | Noticed an Orb Guardian
  2096 | D        | Noticed a death cob
  2096 | D        | Noticed a purple draconian
  2097 | D        | Noticed a white draconian
  2100 | D        | Noticed a purple draconian
  2106 | D        | Noticed a purple draconian
  2106 | D        | Killed an Orb Guardian
  2106 | D        | Reached skill level 23 in Axes
  2108 | D        | HP: 5/145 [poisoned by a green draconian (poison gas)]
  2108 | D        | Killed a death cob
  2109 | D        | Noticed a yellow draconian
  2109 | D        | HP: 1/145 [something] (4)]
  2109 | D        | Succumbed to something's poison gas

Vault maps used:
D:        sprint_v

Skill      XL: |  1  2  3  4  5  6  7  8  9 10 11 12 13 |
---------------+----------------------------------------+-----
Axes           | 9 11 13 14 15 17 18 19 20 22 23 | 23.2
Fighting       | 8 10 11 13 15 16 17 19 21 22 | 22.2
Dodging        | 7 11 14 16 18 19 | 19.6
Armour         | 5 9 11 14 17 18 | 18.7

Action                   |  1- 3 |  4- 6 |  7- 9 | 10-12 | 13-15 || total
-------------------------+-------+-------+-------+-------+-------++-------
Melee: Hand axe          |     3 |    12 |    30 |       |       ||    45
       Headbutt          |     2 |     4 |    20 |    32 |    13 ||    71
       Battleaxe         |       |       |    19 |    48 |    23 ||    90
       Broad axe         |       |       |       |    40 |     2 ||    42
       Executioner's axe |       |       |       |       |     8 ||     8
Invok: Berserk           |     1 |     1 |     3 |     1 |       ||     6
       Burn Spellbooks   |       |     1 |     1 |     4 |     2 ||     8
       Brothers in Arms  |       |       |       |     2 |       ||     2
  Use: Potion            |     1 |       |       |     3 |       ||     4
       Scroll            |       |       |       |     3 |       ||     3
  Eat: Chunk             |       |       |     1 |     2 |       ||     3
       Ration            |       |       |     1 |     1 |       ||     2
Armor: Shadow dragon sca |       |     4 |    16 |    31 |       ||    51
       Plate armour      |       |       |       |    13 |    12 ||    25
Dodge: Dodged            |     1 |     6 |    27 |   130 |    38 ||   202

Table legend:
 A = Spawn XP
 B = Non-spawn XP
 C = Spawn XP percentage of total XP
 D = Spawn monster count
 E = Non-spawn monster count
 F = Spawn count percentage of total count
 G = Total turns spent on level
                    A         B        C        D         E        F      G
               +---------+---------+-------+---------+---------+-------+---------
         Total |       0 |   54798 |   0.0 |       0 |     121 |   0.0 |  2109
               +---------+---------+-------+---------+---------+-------+---------
             D |       0 |   54798 |   0.0 |       0 |     121 |   0.0 |  2109
               +---------+---------+-------+---------+---------+-------+---------
